 Dungeon Crawl Stone Soup version 0.29.1-15-g9cfb28693d (webtiles) character file.

Game seed: 1524644099753997462

24173 Hugehornet the Protected (level 13, -1/76 HPs)
             Began as a Gargoyle Fighter on Mar 20, 2023.
             Was a High Priest of Okawaru.
             Slain by a six-headed hydra (12 damage)
             ... on level 12 of the Dungeon.
             The game lasted 00:39:59 (12312 turns).

Hugehornet the Protected (Gargoyle Fighter)        Turns: 12312, Time: 00:40:02

Health: -1/76      AC: 33    Str: 25    XL:     13   Next: 11%
Magic:  14/19      EV: 12    Int: 15    God:    Okawaru [*****.]
Gold:   761        SH:  0    Dex: 11    Spells: 19/20 levels left

rFire   . . .      SeeInvis .   y - +6 quarterstaff "Wuavul" {vorpal, Will++ Dex+2}
rCold   . . .      Faith    .   (shield currently unavailable)
rNeg    + . .      Spirit   .   a - +2 chain mail of the Irksome God {Rampage +Inv rElec}
rPois   ∞          Reflect  .   s - +2 helmet
rElec   +          Harm     .   A - +2 cloak
rCorr   .          Rampage  +   (no gloves)
Will    ++...                   (no boots)
Stlth   ..........              R - amulet of magic regeneration
HPRegen 0.22/turn               V - +4 ring of slaying
MPRegen 0.56/turn               M - +6 ring of strength

@: heroic, finesse-ful
A: sickness immunity, AC +9, negative energy resistance 1, electricity
resistance, torment resistance 1, petrification resistance
a: Renounce Religion, Evoke Invisibility, Heroism, Finesse, Duel


You were on level 12 of the Dungeon.
You worshipped Okawaru.
Okawaru was extremely pleased with you.
You visited 2 branches of the dungeon, and saw 15 of its levels.

You collected 884 gold pieces.
You spent 123 gold pieces at shops.

Inventory:

Hand Weapons
 y - the +6 quarterstaff "Wuavul" (weapon) {vorpal, Will++ Dex+2}
   (You found it on level 3 of the Dungeon)

   It inflicts extra damage upon your enemies.
   Dex:       It affects your dexterity (+2).
   Will:      It greatly increases your willpower.
 U - the +6 war axe "Plog" {spect, rPois Str+3}
   (You took it off an orc on level 9 of the Dungeon)

   When its wielder attacks, the weapon's spirit leaps out and strikes again.
   The spirit shares a part of any damage it takes with its wielder.
   Str:       It affects your strength (+3).
   rPois:     It protects you from poison.
Armour
 a - the +2 chain mail of the Irksome God (worn) {Rampage +Inv rElec}
   (You found it on level 11 of the Dungeon)

   rElec:     It insulates you from electricity.
   +Inv:      It lets you turn invisible.
   Rampage:   It bestows one free step when moving towards enemies.
 s - a +2 helmet (worn)
 A - a +2 cloak (worn)
 F - the +0 plate armour of Purpose {rN+ Regen+ Int+3}
   (You found it on level 4 of the Dungeon)

   Int:       It affects your intelligence (+3).
   rN:        It protects you from negative energy.
   Regen:     It increases your rate of health regeneration.
 W - the +0 ring mail "Coggul" {rC++}
   (You found it on level 9 of the Dungeon)

   rC:        It greatly protects you from cold.
 X - the +1 buckler of Loressu {Fly rElec rF++ Will-}
   (Okawaru gifted it to you on level 9 of the Dungeon)

   rF:        It greatly protects you from fire.
   rElec:     It insulates you from electricity.
   Fly:       It grants you flight.
   Will:      It decreases your willpower.
 Z - a +2 chain mail of positive energy
Jewellery
 B - a +4 ring of evasion
 M - a +6 ring of strength (right hand)
 R - an amulet of magic regeneration (around neck)
 V - a +4 ring of slaying (left hand)
 Y - a ring of resist corrosion
Wands
 g - a wand of polymorph (3)
 L - a wand of flame (16)
 S - a wand of mindburst (4)
Scrolls
 b - a scroll of identify
 e - 3 scrolls of blinking {unknown}
 k - a scroll of noise {unknown}
 n - 4 scrolls of amnesia {unknown}
 p - 4 scrolls of teleportation {unknown}
 q - 4 scrolls of magic mapping {unknown}
 u - 3 scrolls of vulnerability {unknown}
 x - a scroll of fear {unknown}
 D - 3 scrolls of immolation {unknown}
 I - a scroll of acquirement {unknown}
 J - 4 scrolls of poison {unknown}
 P - 2 scrolls of enchant weapon {unknown}
 Q - 2 scrolls of enchant armour
Potions
 d - 3 potions of flight
 f - 4 potions of attraction
 h - 2 potions of resistance
 l - 2 potions of cancellation {unknown}
 m - a potion of invisibility {unknown}
 o - 2 potions of brilliance
 w - 4 potions of curing
 z - 3 potions of might
 E - 6 potions of haste
 G - a potion of magic {unknown}
 O - 4 potions of berserk rage
 T - a potion of ambrosia {unknown}


   Skills:
 + Level 6.7(11.7) Fighting
 * Level 6.1(14.3) Axes
 - Level 12.0(17.7) Maces & Flails
 - Level 1.6(12.8) Staves
 * Level 13.4(18.4) Armour
 - Level 3.1(8.1) Dodging
 - Level 5.0(10.0) Shields
 - Level 4.0 Spellcasting
 - Level 4.0 Hexes
 * Level 7.7 Invocations


You had 19 spell levels left.
You knew the following spells:

 Your Spells              Type           Power      Damage    Failure   Level
a - Slow                  Hex            60%        N/A       12%         1

Your spell library contained the following spells:

 Spells                   Type           Power      Damage    Failure   Level
 Confusing Touch          Hex            15%        N/A       34%         3
 Foxfire                  Conj/Fire      12%        2x1d4     52%         1
 Magic Dart               Conj           12%        1d3       52%         1
 Inner Flame              Hex/Fire       9%         N/A       63%         3
 Conjure Flame            Conj/Fire      3%         6-21      88%         3
 Mephitic Cloud           Conj/Pois/Air  3%         N/A       88%         3
 Vampiric Draining        Necr           3%         2d6       88%         3
 Flame Wave               Conj/Fire      3%         2d5       99%         4
 Chain Lightning          Conj/Air       1%         3d2       100%        9
 Fire Storm               Conj/Fire      1%         8d1       100%        9
 Shatter                  Erth           1%         3d6*      100%        9
 Call Imp                 Summ           Unusable   N/A       N/A         2

Dungeon Overview and Level Annotations

Branches:
Dungeon (14/15)            Temple (1/1) D:4            Lair (0/5) D:11
    Orc (0/2) D:10
 Vaults: D:13-14

Altars:
Ashenzari
Cheibriados
Dithmenos
Elyvilon
Fedhas
Gozag
Hepliaklqana
Kikubaaqudgha
Makhleb
Nemelex Xobeh
Okawaru
Qazlal
Ru
Sif Muna
Trog
Uskayaw
Vehumet
Wu Jian
Xom
Yredelemnul
Zin
The Shining One

Shops:
D:1 *   D:6 (


Innate Abilities, Weirdness & Mutations

You are immune to sickness and miasma.
Your stone body is resilient. (AC +9)
You are immune to poison.
You resist negative energy. (rN+)
You are resistant to electric shocks. (rElec)
You are resistant to unholy torment.
You are immune to petrification.


Message History

The six-headed hydra bites you but does no damage.
The six-headed hydra closely misses you.
The six-headed hydra bites you.
You block the six-headed hydra's attack.
You continue taking off the +1 buckler of Loressu {Fly rElec rF++ Will-}.
The six-headed hydra bites you! The six-headed hydra bites you.
You block the six-headed hydra's attack.
The six-headed hydra closely misses you.
The six-headed hydra bites you but does no damage. x2
You continue taking off the +1 buckler of Loressu {Fly rElec rF++ Will-}.
You block the six-headed hydra's attack.
The six-headed hydra barely misses you.
The six-headed hydra bites you but does no damage. x2
The six-headed hydra bites you. x2
You finish taking off the +1 buckler of Loressu {Fly rElec rF++ Will-}.
You float gracefully downwards.
You feel agile.
y - the +6 quarterstaff "Wuavul" (weapon)
{vorpal, Will++ Dex+2} You can now deal lightning-fast blows.
The six-headed hydra bites you but does no damage. x4
The six-headed hydra bites you!
The six-headed hydra bites you but does no damage.
You gain the combat prowess of a mighty hero.
The six-headed hydra bites you but does no damage.
The six-headed hydra bites you. The six-headed hydra bites you!
* * * LOW HITPOINT WARNING * * *
The six-headed hydra bites you but does no damage.
The six-headed hydra bites you!
* * * LOW HITPOINT WARNING * * *
The six-headed hydra bites you but does no damage.
Okay, then.
Unknown command.
You feel better. The six-headed hydra bites you.
* * * LOW HITPOINT WARNING * * *
The six-headed hydra bites you but does no damage.
The six-headed hydra bites you.
* * * LOW HITPOINT WARNING * * *
The six-headed hydra bites you but does no damage.
The six-headed hydra bites you!
You die...

#####+### #.......#
#.......#
..#####.......#
#.....D@......#
#######>......#
##'###### #.# #.###
#...# ######.####
####+#########.........#
#....>.....#...........#


You could see a six-headed hydra.

Vanquished Creatures
  Azrael (D:13)
  A boulder beetle (D:13)
  A vault guard (D:13)
  2 two-headed ogres
  Erica (D:8)
  3 centaur warriors
  3 skeletal warriors (D:14)
  A glowing orange brain (shapeshifter) (D:9)
  Pikel (D:5)
  2 deep elf pyromancers
  2 ugly things
  A cyclops (D:14)
  Maurice (D:8)
  Maggie (D:7)
  2 unseen horrors (D:11)
  A kobold demonologist (D:9)
  2 efreet (D:14)
  2 trolls
  2 hornets
  Prince Ribbit (D:5)
  A blink frog (shapeshifter) (D:14)
  2 wyverns
  Sigmund (D:3)
  3 shadows
  A wraith (D:11)
  9 yaks
  2 fire elementals (D:13)
  8 humans (D:13)
  A steam dragon (D:7)
  3 vampire mosquitoes
  Menkaure (D:4)
  Edmund (D:5)
  An acid dragon (D:10)
  2 hell hounds (D:13)
  8 water moccasins
  3 black bears
  2 sky beasts (D:7)
  2 ice beasts
  6 orc warriors
  7 centaurs
  4 lemures
  2 kobold brigands (D:9)
  2 phantoms (D:10)
  11 bullfrogs
  2 scorpions
  11 wights
  2 troll zombies (D:10)
  9 killer bees
  4 electric eels (D:10)
  10 howler monkeys
  A jelly (D:5)
  A gnoll bouda (D:7)
  6 hounds
  4 orc priests
  Crazy Yiuf (D:3)
  Ijyb (D:4)
  4 iguanas
  12 orc wizards
  4 ogre zombies (D:10)
  Robin (D:4)
  8 adders
  4 gnolls (D:7)
  A shadow imp (D:7)
  An ufetubus (D:7)
  3 worms
  3 dart slugs
  36 orcs
  4 bats
  2 endoplasms
  2 giant cockroaches
  11 goblins (D:4)
  3 hobgoblins (D:1)
  5 jackals (D:4)
  8 kobolds
  A quokka (D:4)
  7 ball pythons
  A frilled lizard (D:2)
  2 goblin skeletons (D:10)
  5 goblin zombies (D:10)
  2 hobgoblin skeletons (D:10)
  2 hobgoblin zombies (D:10)
  2 orc skeletons (D:10)
  6 orc zombies (D:10)
  A rat (D:1)
307 creatures vanquished.

Vanquished Creatures (others)
  A vault guard (D:13)
  A human (D:13)
  An orc priest (D:14)
  28 fungi (D:11)
  29 plants (D:11)
  5 toadstools (D:3)
65 creatures vanquished.

Grand Total: 372 creatures vanquished

Notes
Turn   | Place    | Note
-------+----------+-------------------------------------------
     0 | D:1      | Hugehornet the Gargoyle Fighter began the quest for the
                  | Orb.
     0 | D:1      | Reached XP level 1. HP: 14/14 MP: 1/1
   136 | D:1      | Reached XP level 2. HP: 18/19 MP: 2/2
   249 | D:1      | Reached skill level 4 in Armour
   432 | D:1      | Found Ucloh's General Store.
   511 | D:1      | Bought a scroll of identify for 26 gold pieces
   930 | D:2      | Reached XP level 3. HP: 19/23 MP: 3/3
  1171 | D:2      | Found a shadowy altar of Dithmenos.
  1588 | D:3      | Identified the +6 quarterstaff "Wuavul" {vorpal, Will++
                  | Dex+2}
  1731 | D:3      | Found a runed translucent door.
  1732 | D:3      | Noticed Crazy Yiuf
  1812 | D:3      | Noticed Sigmund
  1822 | D:3      | Killed Sigmund
  1823 | D:3      | Reached skill level 6 in Armour
  1823 | D:3      | Reached XP level 4. HP: 24/28 MP: 4/4
  1823 | D:3      | Reached XP level 5. HP: 28/32 MP: 5/5
  2270 | D:3      | Found a faded altar of an unknown god.
  2332 | D:3      | Found a shadowy altar of Dithmenos.
  2348 | D:3      | Found a white marble altar of Elyvilon.
  2464 | D:3      | Killed Crazy Yiuf
  2465 | D:3      | Reached XP level 6. HP: 29/37 MP: 6/6
  2614 | D:4      | Noticed Ijyb
  2616 | D:4      | Noticed Menkaure
  2623 | D:4      | Killed Ijyb
  2625 | D:4      | Killed Menkaure
  2811 | D:4      | Noticed Robin
  2832 | D:4      | Killed Robin
  2960 | D:4      | Identified the +0 plate armour of Purpose {rN+ Regen+
                  | Int+3}
  3026 | D:4      | Reached XP level 7. HP: 41/41 MP: 7/7
  3130 | D:4      | Found a staircase to the Ecumenical Temple.
  3438 | D:4      | Reached skill level 5 in Maces & Flails
  3546 | D:4      | Found a shimmering blue altar of Sif Muna.
  3712 | Temple   | Entered the Ecumenical Temple
  3920 | D:5      | Entered Level 5 of the Dungeon
  3921 | D:5      | Noticed Pikel
  4124 | D:5      | Killed Pikel
  4125 | D:5      | Reached skill level 7 in Armour
  4125 | D:5      | Reached skill level 5 in Shields
  4125 | D:5      | Reached XP level 8. HP: 44/46 MP: 8/8
  4188 | D:5      | Noticed Prince Ribbit
  4204 | D:5      | Killed Prince Ribbit
  4388 | D:5      | Found an iron altar of Okawaru.
  4401 | D:5      | Reached skill level 8 in Armour
  4413 | D:5      | Noticed Edmund
  4431 | D:5      | Killed Edmund
  4503 | D:5      | Reached XP level 9. HP: 44/51 MP: 9/9
  5033 | D:5      | Became a worshipper of Warmaster Okawaru
  5225 | D:6      | Found a blossoming altar of Fedhas.
  5366 | D:6      | Found Osoloam's Weapon Boutique.
  5455 | D:7      | Found a snail-covered altar of Cheibriados.
  5523 | D:7      | Reached skill level 9 in Armour
  5531 | D:7      | Reached * piety under Okawaru
  5717 | D:7      | Noticed Maggie
  5729 | D:7      | Killed Maggie
  5730 | D:7      | Reached skill level 10 in Maces & Flails
  5994 | D:7      | Reached ** piety under Okawaru
  6021 | D:7      | Reached XP level 10. HP: 32/56 MP: 7/10
  6077 | D:7      | Reached skill level 10 in Armour
  6541 | D:8      | Noticed Erica
  6559 | D:8      | Killed Erica
  6841 | D:8      | Reached *** piety under Okawaru
  6854 | D:8      | Noticed a purple ugly thing
  6869 | D:8      | Killed a purple ugly thing
  6898 | D:8      | Reached skill level 11 in Armour
  7023 | D:8      | Found a shimmering altar of Xom.
  7024 | D:8      | Found a hazy altar of Hepliaklqana.
  7025 | D:8      | Noticed a spectral ugly thing
  7088 | D:8      | Noticed Maurice
  7126 | D:8      | Killed Maurice
  7126 | D:8      | Reached **** piety under Okawaru
  7127 | D:8      | Reached skill level 1 in Staves
  7127 | D:8      | Reached skill level 1 in Dodging
  7354 | D:8      | Learned a level 1 spell: Slow
  7458 | D:8      | Reached skill level 1 in Invocations
  7465 | D:9      | Reached skill level 1 in Hexes
  7465 | D:9      | Reached XP level 11. HP: 53/60 MP: 11/11
  7480 | D:9      | Identified the +6 war axe "Plog" {spect, rPois Str+3}
  7550 | D:9      | Reached skill level 1 in Axes
  7550 | D:9      | Reached skill level 1 in Spellcasting
  7697 | D:9      | Found a broken altar of Ashenzari.
  7702 | D:9      | Identified the +0 ring mail "Coggul" {rC++}
  7728 | D:9      | Found a runed translucent door.
  7804 | D:9      | Found a runed translucent door.
  7959 | D:9      | Noticed a moth of wrath
  7959 | D:9      | a tarantella changed into a moth of wrath
  7960 | D:9      | Noticed a death drake
  7960 | D:9      | a moth of wrath changed into a death drake
  7966 | D:9      | Noticed a two-headed ogre
  7968 | D:9      | Noticed a glowing orange brain
  7968 | D:9      | a death drake changed into a glowing orange brain
  7971 | D:9      | Killed a glowing orange brain
  7971 | D:9      | Reached ***** piety under Okawaru
  7976 | D:9      | Killed a two-headed ogre
  7976 | D:9      | Identified the +1 buckler of Loressu {Fly rElec rF++ Will-}
                  | (Okawaru gifted it to you on level 9 of the Dungeon)
  7976 | D:9      | Received a gift from Okawaru
  8315 | D:1      | Bought a scroll of enchant armour for 97 gold pieces
  8502 | D:10     | Entered Level 10 of the Dungeon
  8567 | D:10     | Found a staircase to the Orcish Mines.
  8744 | D:10     | Noticed a brown ugly thing
  8752 | D:10     | Killed a brown ugly thing
  8753 | D:10     | Reached skill level 12 in Armour
  9075 | D:10     | Reached skill level 5 in Fighting
  9493 | D:11     | Noticed a deep elf pyromancer
  9502 | D:11     | Killed a deep elf pyromancer
  9525 | D:11     | Noticed a two-headed ogre
  9542 | D:11     | Killed a two-headed ogre
  9613 | D:11     | Reached XP level 12. HP: 51/68 MP: 15/15
  9656 | D:11     | Reached skill level 5 in Invocations
  9685 | D:11     | Found a staircase to the Lair.
  9757 | D:11     | Identified the +2 chain mail of the Irksome God {Rampage
                  | +Inv rElec}
 10423 | D:12     | Noticed an eight-headed hydra
 10657 | D:12     | You are sucked into a shaft and drop 2 floors!
 10766 | D:14     | Noticed a centaur warrior
 11001 | D:14     | Killed a centaur warrior
 11029 | D:14     | Reached skill level 5 in Axes
 11451 | D:13     | Noticed a centaur warrior
 11462 | D:13     | Killed a centaur warrior
 11463 | D:13     | Reached skill level 13 in Armour
 11471 | D:13     | Killed a vault guard
 11669 | D:13     | Noticed Azrael
 11671 | D:13     | Received a gift from Okawaru
 11676 | D:13     | Killed Azrael
 11919 | D:13     | Noticed a boulder beetle
 11928 | D:13     | Noticed a centaur warrior
 11932 | D:13     | Noticed a vault guard
 11936 | D:13     | Killed a boulder beetle
 11950 | D:13     | Killed a centaur warrior
 11951 | D:13     | Reached XP level 13. HP: 39/75 MP: 14/19
 11966 | D:13     | Killed a vault guard
 12312 | D:12     | Slain by a six-headed hydra

Illustrated notes

Levels and vault maps discovered:
D:1:      dpeg_arrival_shrine, layout_loops_ring, serial_shops,
          nicolae_diamond_shop, minmay_hedge_maze
D:2:      layout_loops_ring, basic_altar
D:3:      layout_basic, mainiacjoe_overflow_swirl,
          hellmonk_ecumenical_altar_arch_garden, minmay_gold_behind_fungi,
          uniq_sigmund, uniq_crazy_yiuf_cottage
D:4:      layout_basic, kennysheep_orc_sif_temple, minmay_temple_entry_fiery,
          grunt_decor_junction, minmay_quadrilaterals, uniq_robin, uniq_ijyb,
          uniq_menkaure
D:5:      layout_gridville, overflow_temple_1_default, st_stairs_8, uniq_edmund,
          uniq_pikel, uniq_prince_ribbit1
D:6:      layout_rooms, mainiacjoe_overflow_surrounded_room, serial_shops,
          nicolae_shop_window_shopping
D:7:      kennysheep_six_static_rooms, layout_loops_ring,
          kennysheep_slug_shrine, uniq_maggie
D:8:      layout_basic, regret_index_temple_of_mockery, grunt_potential,
          uniq_erica, uniq_maurice
D:9:      cheibrodos_histonic, layout_cave_pools, old_standard_altar
D:10:     layout_basic, zombieorc1_lemuel, dk_noncrumbling_4
D:11:     layout_basic, due_lair_maze_entry_diamond
D:12:     layout_roguey, grunt_ministairs_12
D:13:     layout_basic, ximxim_vaults_locker_room, nemelex_spade_bored_becter,
          uniq_azrael, uniq_nessos
D:14:     layout_gridville, chequers_serial_rivers_small_a
Temple:   nicolae_temple_bog_church

Skill      XL: |  1  2  3  4  5  6  7  8  9 10 11 12 13 |
---------------+----------------------------------------+-----
Armour         | 4 6 7 8 9 11 12 13 | 13.4
Maces & Flails | 3 4 6 8 10 12 | 12.0
Shields        | 4 5 |  5.0
Staves         | 1 |  1.6
Dodging        | 1 2 3 |  3.1
Invocations    | 1 4 7 |  7.7
Hexes          | 1 3 4 |  4.0
Fighting       | 5 6 |  6.7
Axes           | 3 5 6 |  6.1
Spellcasting   | 2 4 |  4.0

Action                   |  1- 3 |  4- 6 |  7- 9 | 10-12 | 13-15 || total
-------------------------+-------+-------+-------+-------+-------++-------
Melee: Flail             |    79 |     2 |       |       |       ||    81
       Whip              |       |    17 |       |       |       ||    17
       Quarterstaff      |       |    69 |   279 |   152 |       ||   500
       War axe           |       |       |       |   354 |    19 ||   373
Invok: Heroism           |       |       |     1 |     3 |     1 ||     5
       Finesse           |       |       |       |     3 |     1 ||     4
Evoke: Wand              |       |       |     3 |     4 |       ||     7
  Use: Scroll            |     2 |     1 |     1 |     8 |       ||    12
       Potion            |     1 |       |     2 |     1 |     1 ||     5
 Stab: Distracted        |       |       |       |     2 |       ||     2
Armor: Scale mail        |    50 |    48 |       |       |       ||    98
       Plate armour      |       |     5 |   189 |   237 |       ||   431
       Chain mail        |       |       |       |    87 |    23 ||   110
Dodge: Dodged            |    57 |    49 |   128 |   175 |     8 ||   417
Block: Buckler           |    16 |     2 |       |    69 |     8 ||    95
